 Dungeon Crawl Stone Soup version 0.31-a0-1074-g0b22e4e0f1 (webtiles) character file.

Game seed: 15720105540547987744

99 wildpjah the Slasher (level 4, 0/34 HPs)
             Began as a Merfolk Gladiator on Nov 26, 2023.
             Slain by a kobold
             ... wielding a +0 short sword
              (4 damage)
             ... on level 3 of the Dungeon.
             The game lasted 00:03:33 (1806 turns).

wildpjah the Slasher (Merfolk Gladiator)            Turns: 1806, Time: 00:03:33

Health: 0/34       AC:  4    Str: 14    XL:     4   Next: 72%
Magic:  4/4        EV: 14    Int:  7    God:
Gold:   160        SH:  0    Dex: 17    Spells: 3/3 levels left

rFire   . . .        a - +0 long sword
rCold   . . .        (no shield)
rNeg    . . .        b - +0 leather armour
rPois   .            c - +0 helmet
rElec   .            (no cloak)
rCorr   .            (no gloves)
SInv    .            (no boots)
Will    .....        (no amulet)
Stlth   +            (no ring)
HPRegen 0.25/turn    (no ring)
MPRegen 0.09/turn

%: no passive effects
@: lethally poisoned (0 -> -5)
A: (nimble swimmer 2), mertail
a: no special abilities


You were on level 3 of the Dungeon.
You visited 1 branch of the dungeon, and saw 3 of its levels.

You collected 160 gold pieces.

Inventory:

Hand Weapons
 a - a +0 long sword (weapon)
Missiles
 d - 3 throwing nets (quivered)
 e - a javelin
Armour
 b - a +0 leather armour (worn)
 c - a +0 helmet (worn)
Wands
 p - a wand of light (10)
Scrolls
 f - a scroll of noise {unknown}
 g - a scroll of blinking {unknown}
 i - a scroll of fog {unknown}
 j - 2 scrolls of torment {unknown}
 m - a scroll of poison {unknown}
 n - a scroll of identify {unknown}
 o - a scroll of immolation {unknown}
Potions
 h - a potion of haste {unknown}
 k - 2 potions of curing {unknown}
 l - 2 potions of resistance {unknown}


   Skills:
 + Level 2.7 Fighting
 + Level 5.1 Long Blades
 + Level 2.0 Throwing
 + Level 0.8 Armour
 + Level 4.8 Dodging
 + Level 0.5 Stealth


You had 3 spell levels left.
You didn't know any spells.
Your spell library contained the following spells:

 Spells                   Type           Power      Damage    Failure   Level
 Ozocubu's Armour         Ice            0%         N/A       86%         3
 Ozocubu's Refrigeration  Ice            0%         4d7       100%        7


Dungeon Overview and Level Annotations

Branches:
Dungeon (3/15)

Altars:

Shops:
D:1 !


Innate Abilities, Weirdness & Mutations

((You are very nimble when in or above water. (Stealth+, EV+, Speed+++)))
Your lower body shifts to a powerful aquatic tail in water.


Message History

You feel sick. The adder barely misses you.
The kobold hits you but does no damage. The adder bites you but does no damage.
You barely miss the adder.
The adder is moderately wounded.
You feel sick. The adder bites you but does no damage.
The kobold hits you but does no damage.
You feel sick.
The kobold throws a poisoned dart.
The poisoned dart hits you!
You are more poisoned.
The adder misses you.
You feel very sick.
You miss the adder.
The adder is moderately wounded.
You feel very sick. The adder misses you.
You barely miss the adder.
The adder is moderately wounded.
You feel sick. The adder bites you but does no damage.
The adder barely misses you.
You barely miss the adder.
The adder is moderately wounded.
You feel sick. The adder closely misses you.
You slash the adder!
The adder is almost dead.
You feel sick. The adder bites you.
You are more poisoned.
The adder poisons you! The adder barely misses you.
You closely miss the adder.
The adder is almost dead.
You feel sick. The adder barely misses you.
You hit the adder.
You kill the adder!
You feel sick.
The kobold throws a poisoned dart.
The poisoned dart hits you!
You are lethally poisoned!
* * * LOW HITPOINT WARNING * * *
You feel sick. The kobold closely misses you.
You barely miss the kobold.
* * * LOW HITPOINT WARNING * * *
You feel very sick.
The kobold hits you with a +0 short sword.
You die...

#.. $. .. .#### ....
#..# .......#
#..#####......##
#.K#..#........
##@#..#......#
#.#..#......#
#####....#......#
......$..#.†....####.
######...............
##...%....#.....
#...##.........
#<..##...##...
#.######...##...# .


You could see a kobold.

Vanquished Creatures
  3 adders
  An adder skeleton (D:2)
  An adder zombie (D:2)
  A dart slug (D:1)
  An orc (D:3)
  4 ball pythons
  A bat skeleton (D:2)
  6 endoplasms
  4 giant cockroaches
  6 goblins
  6 hobgoblins
  7 jackals
  A quokka (D:2)
  A ball python zombie (D:2)
  4 bats
  6 frilled lizards
  2 kobolds (D:1)
  A rat (D:3)
56 creatures vanquished.

Notes
Turn   | Place    | Note
-------+----------+-------------------------------------------
     0 | D:1      | wildpjah the Merfolk Gladiator began the quest for the Orb.
     0 | D:1      | Reached XP level 1. HP: 16/16 MP: 1/1
   108 | D:1      | Reached skill level 4 in Long Blades
   108 | D:1      | Reached XP level 2. HP: 18/22 MP: 2/2
   145 | D:1      | Found Xuiv's Distillery.
   398 | D:1      | Reached XP level 3. HP: 27/28 MP: 3/3
  1234 | D:2      | Found a faded altar of an unknown god.
  1245 | D:2      | Reached XP level 4. HP: 34/34 MP: 4/4
  1306 | D:2      | Identified the +6 hand axe "Coyneda" {speed, *Rage Str+3
                  | Int+2 SInv}
  1395 | D:2      | Reached skill level 5 in Long Blades
  1806 | D:3      | Slain by a kobold

Illustrated notes

Levels and vault maps discovered:
D:1:      tekkud_arrival_beachfront_property, layout_basic, serial_shops, shop
D:2:      layout_rooms, serial_undead, serial_undead_c, serial_undead_a,
          serial_undead_d, serial_undead_c,
          hellmonk_ecumenical_altar_arch_garden, minmay_crystal_room,
          minmay_hedge_maze
D:3:      layout_rooms

Skill      XL: |  1  2  3  4 |
---------------+-------------+-----
Long Blades    | 4 5 |  5.1
Fighting       | |  2.7
Throwing       | |  2.0
Armour         | |  0.8
Dodging        | |  4.8
Stealth        | |  0.5

Action                     |  1- 3 |  4- 6 || total
---------------------------+-------+-------++-------
  Melee: Long sword        |   105 |    62 ||   167
         Punch             |     2 |     1 ||     3
   Stab: Distracted        |     1 |       ||     1
         Sleeping          |     1 |       ||     1
 Armour: Leather armour    |    49 |    38 ||    87
  Dodge: Dodged            |    87 |    55 ||   142

Table legend: (Time is in decaauts)
 A = Elapsed time spent in this place.
 B = Non-inter-level travel time spent in this place.
 C = Inter-level travel time spent in this place.
 D = Time resting spent in this place.
 E = Time spent auto-exploring this place.
 F = Levels seen in this place.
 G = Mean time per level.
                   A        B        C        D        E       F      G
               +--------+--------+--------+--------+--------+-----+--------+
         Total |   1834 |   1789 |     45 |     62 |   1336 |   3 |  611.3 |
       Dungeon |   1834 |   1789 |     45 |     62 |   1336 |   3 |  611.3 |
               +--------+--------+--------+--------+--------+-----+--------+

Top non-repeatable levels by time:
     D:1: 960 daAuts
     D:2: 680 daAuts
     D:3: 193 daAuts
